 Dungeon Crawl Stone Soup version 0.26.1-11-gd32895ea62 (webtiles) character file.

Game seed: 15091568324463566160

1229 bigdumb the Basher (level 8, -1/112 HPs)
             Began as a Troll Berserker on July 8, 2021.
             Was an Elder of Trog.
             Slain by an orc warrior
             ... wielding a +0 war axe
              (9 damage)
             ... on level 7 of the Dungeon.
             The game lasted 00:09:20 (6128 turns).

bigdumb the Basher (Troll Berserker)                Turns: 6128, Time: 00:09:20

Health: -1/112     AC:  7    Str: 26 (28) XL:     8   Next: 24%
Magic:  7/7        EV: 10    Int:  0 (3)  God:    Trog [****..]
Gold:   334        SH:  0    Dex:  8 (9)  Spells: 7/7 levels left

rFire    . . .     SeeInvis .   a - +0 giant club (curse)
rCold    . . .     Faith    .   (shield currently unavailable)
rNeg     . . .     Spirit   .   b - +0 animal skin
rPois    .         Reflect  .   (helmet restricted)
rElec    .         Harm     .   m - +0 cloak
rCorr    .         Rampage  .   (gloves unavailable)
Will     .....                  (boots unavailable)
Stlth    ..........             (no amulet)
HPRegen  0.68/turn              (no ring)
MPRegen  0.10/turn              (no ring)

@: berserking, slowed, lost intelligence
A: large, unfitting armour, claws 3, regeneration 1, shaggy fur 1, tough skin 3
a: Renounce Religion, Berserk, Trog's Hand, Brothers in Arms


You were on level 7 of the Dungeon.
You worshipped Trog.
Trog was greatly pleased with you.
You visited 1 branch of the dungeon, and saw 7 of its levels.

You collected 334 gold pieces.

Inventory:

Hand Weapons
 a - a cursed +0 giant club (weapon)
 t - a +0 flail
Armour
 b - a +0 animal skin (worn)
 m - a +0 cloak (worn)
Wands
 c - a wand of paralysis (11)
 p - a wand of random effects (13)
Scrolls
 e - 2 scrolls of blinking
 f - 2 scrolls of enchant weapon {unknown}
 g - 2 scrolls of random uselessness {unknown}
 j - 6 scrolls of enchant armour {unknown}
 l - 5 scrolls of identify {unknown}
 n - 2 scrolls of remove curse {unknown}
 o - 4 scrolls of teleportation {unknown}
 r - a scroll of immolation {unknown}
Potions
 d - a potion of lignification
 h - a potion of curing
 i - a potion of heal wounds
 k - 3 potions of might
 s - 2 potions of attraction


   Skills:
 + Level 3.1 Fighting
 * Level 8.8 Maces & Flails
 + Level 3.5 Dodging


You had 7 spell levels left.
You didn't know any spells.
Your spell library was empty.

Dungeon Overview and Level Annotations

Branches:
Dungeon (7/15)             Temple (0/1) D:6

Altars:
Ashenzari
Dithmenos
Gozag
Hepliaklqana
Kikubaaqudgha
Ru

Annotations:
D:3 2 runed translucent doors, bigdumb's ghost, amateur DgWn


Innate Abilities, Weirdness & Mutations

You are too large for most types of armour.
You have claws for hands.
Your natural rate of healing is unusually fast.
You are covered in fur. (AC +1)
You have extremely tough skin. (AC +3)


Message History

You are too injured to fight recklessly!
You are too injured to fight recklessly!
You are too injured to fight recklessly!
You are too injured to fight recklessly!
You are too injured to fight recklessly!
You are too injured to fight recklessly!
You are too injured to fight recklessly!
A red film seems to cover your vision as you go berserk!
You feel yourself moving faster!
You feel mighty!
The orc warrior hits you with a +0 war axe!
Okay, then.
You barely miss the orc warrior.
The orc warrior hits you with a +0 war axe!
* * * LOW HITPOINT WARNING * * *
You barely miss the orc warrior.
The orc warrior hits you with a +0 war axe!
* * * LOW HITPOINT WARNING * * *
You barely miss the orc warrior.
The orc warrior hits you with a +0 war axe!
You die...

#.#######
#.# #.##
#..# ##.#
#.# #.#
#.# #@#
#o#


ooo ..... ....... ##.....## #....## #.#.## You could see an orc warrior, an orc
priest and 2 orcs.

Vanquished Creatures
  2 phantoms
  An ogre (D:6)
  A centaur (D:6)
  A scorpion (D:4)
  2 bullfrog zombies (D:5)
  4 hounds
  2 orc priests
  2 centaur skeletons
  3 orc wizards
  7 worker ants
  A hound skeleton (D:5)
  3 gnolls (D:4)
  9 adders
  A shadow imp (D:5)
  4 white imps
  2 ufetubi
  3 adder skeletons
  2 worms
  4 dart slugs
  5 leopard geckos
  10 orcs
  3 giant cockroaches
  8 goblins
  5 hobgoblins
  10 kobolds
  4 quokkas
  12 bats
  7 frilled lizards
  A jackal skeleton (D:4)
  A leopard gecko skeleton (D:5)
  A leopard gecko zombie (D:5)
  A quokka skeleton (D:4)
  11 rats
133 creatures vanquished.

Vanquished Creatures (others)
  22 plants (D:4)
22 creatures vanquished.

Grand Total: 155 creatures vanquished

Notes
Turn   | Place    | Note
-------+----------+-------------------------------------------
     0 | D:1      | bigdumb the Troll Berserker began the quest for the Orb.
     0 | D:1      | Reached XP level 1. HP: 22/22 MP: 0/0
   113 | D:1      | Reached XP level 2. HP: 29/29 MP: 1/1
   135 | D:1      | Reached skill level 3 in Maces & Flails
   293 | D:1      | Reached XP level 3. HP: 36/36 MP: 2/2
   914 | D:2      | Reached ** piety under Trog
  1065 | D:2      | Found a broken altar of Ashenzari.
  1242 | D:2      | Reached XP level 4. HP: 43/44 MP: 3/3
  1489 | D:2      | Found a sacrificial altar of Ru.
  1579 | D:3      | Found a runed translucent door.
  1580 | D:3      | Noticed bigdumb's ghost (amateur DgWn)
  1679 | D:3      | Found a shadowy altar of Dithmenos.
  1733 | D:3      | Found a runed translucent door.
  2080 | D:3      | Found an ancient bone altar of Kikubaaqudgha.
  2202 | D:4      | Reached skill level 4 in Maces & Flails
  2202 | D:4      | Reached XP level 5. HP: 34/53 MP: 4/4
  2276 | D:4      | Noticed a phantom
  2337 | D:4      | Killed a phantom
  2338 | D:4      | Reached skill level 5 in Maces & Flails
  2388 | D:4      | Found an opulent altar of Gozag.
  2436 | D:4      | Reached *** piety under Trog
  2437 | D:4      | Reached XP level 6. HP: 32/61 MP: 5/5
  2732 | D:4      | Reached skill level 6 in Maces & Flails
  3299 | D:5      | Entered Level 5 of the Dungeon
  3330 | D:5      | Reached XP level 7. HP: 67/67 MP: 6/6
  3722 | D:5      | Found a hazy altar of Hepliaklqana.
  3947 | D:5      | Reached skill level 7 in Maces & Flails
  4722 | D:6      | Found a staircase to the Ecumenical Temple.
  4818 | D:6      | Lost intelligence.
  4829 | D:6      | Reached **** piety under Trog
  4830 | D:6      | Reached skill level 8 in Maces & Flails
  4869 | D:6      | Reached XP level 8. HP: 45/75 MP: 7/7
  6128 | D:7      | Slain by an orc warrior

Illustrated notes

Levels and vault maps discovered:
D:1:      scummos_arrival_simple_crosswalls, layout_loops_ring
D:2:      layout_basic, nicolae_ru_path_of_blood, nicolae_ashenzari_panopticon
D:3:      layout_rooms, grunt_dithmenos_smoke_and_mirrors, marbit_many_paths,
          ebering_ghost_sewer_f, kennysheep_nondescript,
          minmay_fractal_squares_5
D:4:      layout_layer_cave, lemuel_doored_altar, serial_bayou,
          serial_bayou_shore_b, serial_bayou_pond_e, serial_bayou_lagoon_a,
          serial_bayou_shore_b, glass_columns_b
D:5:      layout_basic, overflow_temple_1_default
D:6:      wander_river, layout_basic, minmay_temple_entry_ruins
D:7:      layout_loops_ring, nicolae_overflow_crystal_walls

Skill      XL: |  1  2  3  4  5  6  7 |
---------------+----------------------+-----
Maces & Flails | 3 4 5 6 8 |  8.8
Dodging        | 3 |  3.5
Fighting       | 3 |  3.1

Action                   |  1- 3 |  4- 6 |  7- 9 || total
-------------------------+-------+-------+-------++-------
Melee: Mace              |   128 |   134 |       ||   262
       Flail             |       |    45 |   155 ||   200
       Giant club        |       |       |    59 ||    59
Invok: Berserk           |       |     5 |     4 ||     9
  Use: Potion            |       |       |     9 ||     9
       Scroll            |       |       |     2 ||     2
Armor: Animal skin       |    58 |   123 |   104 ||   285
Dodge: Dodged            |    84 |   169 |   115 ||   368
